 Dungeon Crawl Stone Soup version 0.31.0-11-ge490571c62 (webtiles) character file.

Game seed: 17585387215450727470

97 qw the Shooter (level 4, -3/22 HPs)
             Began as a Spriggan Hunter on Feb 3, 2024.
             Killed from afar by an orc wizard (6 damage)
             ... with a magic dart
             ... on level 2 of the Dungeon.
             The game lasted 00:00:06 (1241 turns).

qw the Shooter (Spriggan Hunter)                    Turns: 1241, Time: 00:00:06

Health: -3/22      AC:  2    Str:  7    XL:     4   Next: 42%
Magic:  0/5        EV: 20    Int: 10    God:
Gold:   87         SH:  0    Dex: 20    Spells: 3/3 levels left

rFire   . . .        a - +0 shortbow
rCold   . . .        (shield currently unavailable)
rNeg    . . .        c - +0 robe
rPois   .            (helmet restricted)
rElec   .            (no cloak)
rCorr   .            (gloves unavailable)
SInv    +            (boots unavailable)
Will    .....        e - amulet of guardian spirit
Stlth   ++           (no ring)
HPRegen 0.23/turn    (no ring)
MPRegen 0.09/turn

%: guardian spirit
@: lethally poisoned (-3 -> -4), very quick
A: very small, no large weapons, unfitting armour, see invisible, speed 3
a: no special abilities


You were on level 2 of the Dungeon.
You visited 1 branch of the dungeon, and saw 3 of its levels.

You collected 87 gold pieces.


Innate Abilities, Weirdness & Mutations

You are very small and have problems with some larger weapons.
You are too small for most types of armour.
You have supernaturally acute eyesight. (SInv)
You cover ground extremely quickly. (Speed+++)


   Skills:
 - Level 1.5 Fighting
 - Level 5.0 Ranged Weapons
 + Level 4.9 Dodging
 - Level 1.5 Stealth


You had 3 spell levels left.
You didn't know any spells.
Your spell library was empty.

Inventory:

Hand Weapons
 a - a +0 shortbow (weapon)
Armour
 c - a +0 robe (worn)
Jewellery
 e - an amulet of guardian spirit (around neck)
Scrolls
 g - 3 scrolls of enchant armour
Potions
 b - a potion of curing {unknown}
 d - a potion of might {unknown}
 h - a potion of brilliance {unknown}

Dungeon Overview and Level Annotations

Branches:
Dungeon (3/15)

Altars:


Message History

You shoot an arrow. The arrow hits the orc.
The orc is heavily wounded.
The orc hits you with a +0 dagger.
You shoot an arrow. The arrow hits the orc!
You kill the orc!
You start resting.
HP restored.
You climb downwards.
The hobgoblin shouts!
You hear a shout!
The orc wizard casts a spell.
The orc wizard flickers and vanishes for a moment.
There is a stone staircase leading up, spattered with blood here.
You shoot an arrow.
The arrow closely misses the orc wizard.
1236 ||| STAIRDANCE The adder closely misses you.
The orc wizard points at you and mumbles some strange words.
The magic dart hits you!
You climb upwards.
There is a stone staircase leading down, spattered with blood here.
You shoot an arrow. The arrow hits the orc wizard!
The orc wizard is heavily wounded.
The adder bites you.
You are poisoned.
The adder poisons you! The orc wizard barely misses you. The adder misses you.
You shoot an arrow. The arrow hits the orc wizard.
The orc wizard is severely wounded.
You feel sick. The orc wizard casts a spell at you. The magic dart hits you!
The adder misses you.
You shoot an arrow.
The arrow hits the orc wizard but does no damage.
The orc wizard is severely wounded.
You feel sick. The adder closely misses you. The orc wizard misses you.
The adder completely misses you.
You shoot an arrow. The arrow barely misses the orc wizard.
You feel sick. The orc wizard casts a spell at you. The magic dart hits you.
You die...

##.......................)##
####...............#########..#
.....)...%.........# ##.###
#..................# ###....
#..#...............## ##....##
##.#................######.<#.###
............................#.###
##.............oS.#####........##
##..#..........@## #......:.##
##.########.##[#######.#####..#
#..# ###...#......#......#..# #
##.####...#.######........#..# #
#...##.###.########....[.#... ###
###......................###. ..#
#...#..#%..###..###.##..##. #.###
###...##.......###.........
#...###.......#.....##...##.####.


You could see an orc wizard (invisible) and an adder.

Vanquished Creatures
  An orc priest (D:2)
  An adder (D:2)
  2 dart slugs (D:1)
  3 ribbon worms (D:2)
  3 orcs (D:2)
  2 endoplasms (D:1)
  A giant cockroach (D:2)
  A goblin (D:1)
  A hobgoblin (D:2)
  3 quokkas
  6 ball pythons
  7 bats
  12 frilled lizards
  A kobold (D:1)
  5 rats
49 creatures vanquished.

Notes
Turn   | Place    | Note
-------+----------+-------------------------------------------
     0 | D:1      | qw the Spriggan Hunter began the quest for the Orb.
     0 | D:1      | Reached XP level 1. HP: 10/10 MP: 2/2
     0 | D:1      | 0 ||| qw: Version: 0.3-a-155-g5e7d8dd
     0 | D:1      | 0 ||| qw: Game counter: 3072
     0 | D:1      | 0 ||| qw: Melee chars always use a shield: true
     0 | D:1      | 0 ||| qw: God list: Okawaru
     0 | D:1      | 0 ||| qw: Allow faded altars: false
     0 | D:1      | 0 ||| qw: Do Orc after clearing Dungeon:15 true
     0 | D:1      | 0 ||| qw: Do second Lair branch before Depths: true
     0 | D:1      | 0 ||| qw: Lair rune preference: random
     0 | D:1      | 0 ||| qw: Goals: Normal
     0 | D:1      | 0 ||| PLANNING D:1-11
    30 | D:1      | Reached skill level 3 in Dodging
    40 | D:1      | 40 ||| RETREEEEATING.
    42 | D:1      | 42 ||| RETREEEEATING.
    54 | D:1      | Reached XP level 2. HP: 12/14 MP: 3/3
   621 | D:1      | 621 ||| UPGRADING to amulet of guardian spirit.
   626 | D:1      | 626 ||| DROPPING scroll of butterflies.
   687 | D:2      | Reached XP level 3. HP: 18/18 MP: 4/4
  1044 | D:2      | 1044 ||| READING scroll labelled DUREQE RUBOARCH.
  1074 | D:2      | 1074 ||| READING 4 scrolls labelled KASCHE FYCE.
  1074 | D:2      | 1074 ||| ENCHANTING +0 shortbow.
  1096 | D:3      | 1096 ||| STAIRDANCE
  1139 | D:3      | 1139 ||| STAIRDANCE
  1150 | D:2      | Reached skill level 5 in Ranged Weapons
  1159 | D:3      | 1159 ||| STAIRDANCE
  1165 | D:2      | Reached XP level 4. HP: 13/22 MP: 2/5
  1219 | D:3      | 1219 ||| STAIRDANCE
  1236 | D:3      | 1236 ||| STAIRDANCE
  1239 | D:2      | HP: 4/22 [orc wizard/magic dart (6)]
  1241 | D:2      | Killed from afar by an orc wizard

Levels and vault maps discovered:
D:1:      dpeg_arrival_windows_large_door, layout_loops_ring, minmay_lizard_pond
D:2:      layout_rooms, minmay_misc_feat_square
D:3:      layout_loops_ring, nicolae_ru_the_path_less_chosen,
          mainiacjoe_overflow_concentric_impassable,
          mainiacjoe_overflow_big_doors, gammafunk_ghost_mausoleum,
          chequers_serial_rivers_micro_e

Skill      XL: |  1  2  3 |
---------------+----------+-----
Dodging        | 3 4 |  4.9
Ranged Weapons | 5 |  5.0
Fighting       | |  1.5
Stealth        | |  1.5

Action                     |  1- 3 |  4- 6 || total
---------------------------+-------+-------++-------
   Fire: Shortbow          |   142 |    12 ||   154
    Use: Scroll            |     2 |       ||     2
 Armour: Robe              |    19 |     7 ||    26
  Dodge: Dodged            |    62 |    12 ||    74

Table legend:
 A = Non-vault XP
 B = Vault XP
 C = Vault XP percentage of total XP
 D = Non-vault monster count
 E = Vault monster count
 F = Vault count percentage of total count
                 A         B        C        D         E       F
            +---------+---------+-------+---------+---------+-------
      Total |     132 |       7 |   5.0 |      42 |       7 |  14.3
            +---------+---------+-------+---------+---------+-------
        D:1 |      26 |       7 |  21.2 |      16 |       7 |  30.4
        D:2 |     106 |       0 |   0.0 |      26 |       0 |   0.0
            +---------+---------+-------+---------+---------+-------
